 Dungeon Crawl Stone Soup version 0.27.1-1-g398f81649c (webtiles) character file.

Game seed: 13111491541623087190

2 Descartes the Sneak (level 1, -5/11 HPs)
             Began as a Spriggan Delver on Sept 20, 2021.
             Slain by Blork the orc (13 damage)
             ... on level 5 of the Dungeon.
             The game lasted 00:01:00 (418 turns).

Descartes the Sneak (Spriggan Delver)                Turns: 418, Time: 00:01:01

Health: -5/11      AC:  2    Str:  8    XL:     1   Next: 33%
Magic:  2/2        EV: 17    Int: 11    God:
Gold:   0          SH:  0    Dex: 16    Spells: 0/0 levels left

rFire    . . .     SeeInvis +   a - +0 short sword
rCold    . . .     Faith    .   (shield restricted)
rNeg     . . .     Spirit   .   b - +0 robe
rPois    .         Reflect  .   (helmet restricted)
rElec    .         Harm     .   (no cloak)
rCorr    .         Rampage  .   (gloves unavailable)
Will     .....                  (boots unavailable)
Stlth    ++++......             (no amulet)
HPRegen  0.03/turn              (no ring)
MPRegen  0.08/turn              (no ring)

@: very quick
A: very small, no large weapons, unfitting armour, see invisible, speed 3
a: no special abilities


You were on level 5 of the Dungeon.
You visited 1 branch of the dungeon, and saw 2 of its levels.

Inventory:

Hand Weapons
 a - a +0 short sword (weapon)
Missiles
 j - 28 stones (quivered)
Armour
 b - a +0 robe (worn)
Wands
 g - a wand of digging (3)
Scrolls
 c - a scroll of fog
 d - a scroll of magic mapping
 e - a scroll of fear
 h - a scroll of summoning {unknown}
Potions
 f - a potion of haste
 i - a potion of brilliance {unknown}


   Skills:
 + Level 2.4 Fighting
 + Level 2.2 Short Blades
 + Level 2.7 Dodging
 + Level 7.4 Stealth


You couldn't memorise any spells.
You didn't know any spells.
Your spell library was empty.

Dungeon Overview and Level Annotations

Branches:
Dungeon (5/15)
 Temple: D:4-7

Altars:

Annotations:
D:4 Robin
D:5 Blork the orc, Dowan, Sigmund


Innate Abilities, Weirdness & Mutations

You are very small and have problems with some larger weapons.
You are too small for most types of armour.
You have supernaturally acute eyesight. (SInv)
You cover ground extremely quickly. (Speed+++)


Message History

Found three items.
There is a stone staircase leading down here.
The hobgoblin misses you. x2; Robin throws the goblin at you!
You climb downwards.
Level annotation: Blork the orc, Sigmund
There is a stone staircase leading up here.
You hit the hobgoblin.
The hobgoblin is moderately wounded.
The hobgoblin barely misses you. The hobgoblin closely misses you.
You closely miss the hobgoblin.
The hobgoblin is moderately wounded.
The hobgoblin closely misses you. The hobgoblin misses you.
You barely miss the hobgoblin.
The hobgoblin is moderately wounded.
The hobgoblin hits you. The hobgoblin barely misses you.
You barely miss the hobgoblin. The hobgoblin completely misses you.
You hit the hobgoblin.
The hobgoblin is severely wounded.
The hobgoblin completely misses you. The hobgoblin misses you.
You hit the hobgoblin.
You kill the hobgoblin!
You hit the hobgoblin but do no damage.
The hobgoblin is moderately wounded.
The hobgoblin closely misses you.
You hit the hobgoblin.
You kill the hobgoblin!
Unknown command.
HP restored.
You see here a hobgoblin skeleton.
Found 28 stones.
i - a grey potion You see here 28 stones.
j - 28 stones Dowan, Brother of Duvessa comes into view.
He is wielding a +0 dagger.
Blork the orc hits you with a +0 halberd.
You hit Blork the orc.
Blork the orc is lightly wounded.
Blork the orc hits you with a +0 halberd!
Ouch! That really hurt!
You die...

#.. #.# ..# #..
#.#####..
#..###....... #.
###............
..............#...# #
...####......##.###.#
#.#..........#.#...#
#..............o#
#..........#@##
..#.#...........##
..............##.#
..#..##.#####.# #.#
#.. #.# #.# #.#
#.###.# #.# .#
###..##.# .#
........# ..
#.#.#.### .#


You could see Blork the orc.

Vanquished Creatures
  2 hobgoblins (D:5)
2 creatures vanquished.

Notes
Turn   | Place    | Note
-------+----------+-------------------------------------------
     0 | D:5      | Descartes the Spriggan Delver began the quest for the Orb.
     0 | D:5      | Reached XP level 1. HP: 11/11 MP: 2/2
    17 | D:5      | Noticed Sigmund
    26 | D:5      | Noticed Blork the orc
   100 | D:4      | Noticed Robin
   411 | D:5      | Noticed Dowan
   418 | D:5      | Slain by Blork the orc

Illustrated notes

Levels and vault maps discovered:
D:4:      layout_loops_ring, gammafunk_temple_overflow_claw,
          minmay_misc_feat_enclosed, uniq_natasha, uniq_robin
D:5:      layout_loops_ring, kennysheep_mini, old_standard_altar,
          gammafunk_temple_overflow_elements, uniq_blork_the_orc, uniq_duvessa,
          uniq_sigmund

Action                   || total
-------------------------++-------
Melee: Short sword       ||     9
Dodge: Dodged            ||    11
